 Seeded DCSS version 0.31-a0-208-gdb31a4691d (webtiles) character file.

Game seed: 14209007432101048097 (custom seed)

4 innerfire43 the Trooper (level 1, 0/18 HPs)
             Began as a Demonspawn Monk on June 28, 2023.
             Slain by a hobgoblin (2 damage)
             ... on level 1 of the Dungeon.
             The game lasted 00:00:06 (93 turns).

innerfire43 the Trooper (Demonspawn Monk)             Turns: 93, Time: 00:00:06

Health: 0/18       AC:  2    Str: 11    XL:     1   Next: 58%
Magic:  1/1        EV: 13    Int: 11    God:
Gold:   10         SH:  0    Dex: 15    Spells: 0/0 levels left

rFire   . . .        a - +0 spear
rCold   . . .        d - orb {light}
rNeg    . . .        b - +0 robe
rPois   .            (no helmet)
rElec   .            (no cloak)
rCorr   .            (no gloves)
SInv    .            (no boots)
Will    .....        (no amulet)
Stlth   +            (no ring)
HPRegen 0.23/turn    (no ring)
MPRegen 0.07/turn

%: no passive effects
@: glowing
A: no striking features
a: no special abilities


You were on level 1 of the Dungeon.
You visited 1 branch of the dungeon, and saw 1 of its levels.

You collected 10 gold pieces.

Inventory:

Hand Weapons
 a - a +0 spear (weapon)
Armour
 b - a +0 robe (worn)
 d - an orb of light (worn)
Scrolls
 e - a scroll of identify {unknown}
Potions
 c - a potion of ambrosia
 f - a potion of brilliance {unknown}


   Skills:
 + Level 3.1 Fighting
 + Level 2.8 Polearms
 + Level 2.8 Dodging


You couldn't memorise any spells.
You didn't know any spells.
Your spell library was empty.

Dungeon Overview and Level Annotations

Branches:
Dungeon (1/15)

Altars:


Message History

The jackal barely misses you.
You hit the jackal but do no damage.
The jackal is moderately wounded.
The jackal bites you.
* * * LOW HITPOINT WARNING * * *
You hit the jackal.
The jackal is almost dead.
The jackal closely misses you. The jackal barely misses you.
You hit the jackal.
You kill the jackal!
You hit the jackal but do no damage.
The jackal bites you but does no damage.
You hit the jackal.
The jackal is lightly wounded.
The jackal closely misses you. The jackal bites you.
* * * LOW HITPOINT WARNING * * *
You hit the jackal.
The jackal is almost dead.
The jackal bites you.
* * * LOW HITPOINT WARNING * * *
A jackal comes into view.
You hit the jackal.
You kill the jackal!
You barely miss the hobgoblin. The hobgoblin misses you.
You hit the hobgoblin but do no damage. The jackal barely misses you.
You hit the hobgoblin but do no damage.
The hobgoblin hits you but does no damage.
The jackal bites you.
* * * LOW HITPOINT WARNING * * *
You barely miss the hobgoblin. The hobgoblin hits you.
* * * LOW HITPOINT WARNING * * *
The jackal misses you.
You hit the hobgoblin.
The hobgoblin is moderately wounded.
The jackal completely misses you. The hobgoblin misses you.
The jackal misses you.
You barely miss the hobgoblin.
The hobgoblin is moderately wounded.
The hobgoblin hits you.
You die...

.### #.<# ...####..# #..
.. .....##..#. ... ..
#........#.####.####.#
###......#...........####.
..###....#.#...>..........
#.#####..# ....... .....
...##########.#h###..###..
#.#.............@g........
................###.##.#..
#.....#.......#.# .#
#####.###.....#.# .# ♣.♣
#.....#.# ..
.#♣♣.♣♣#.)....... ..
............##.## ###
##♣♣.♣♣#....##.# ♣.♣
#....# .#


You could see a jackal and a hobgoblin.

Vanquished Creatures
  2 jackals (D:1)
  A frilled lizard (D:1)
  A goblin (D:1)
  A rat (D:1)
5 creatures vanquished.

Notes
Turn   | Place    | Note
-------+----------+-------------------------------------------
     0 | D:1      | innerfire43 the Demonspawn Monk began the quest for the
                  | Orb.
     0 | D:1      | Reached XP level 1. HP: 18/18 MP: 1/1
    93 | D:1      | Slain by a hobgoblin

Illustrated notes

Levels and vault maps discovered:
D:1:      lemuel_arrival_funnel, layout_basic,
          hellmonk_ecumenical_altar_pennies_from_heaven, minmay_fountain_box,
          minmay_misc_feat_plants, minmay_tree_intersection

Action                     || total
---------------------------++-------
  Melee: Spear             ||    24
 Armour: Robe              ||     4
  Dodge: Dodged            ||    19

Table legend: (Time is in decaauts)
 A = Elapsed time spent in this place.
 B = Non-inter-level travel time spent in this place.
 C = Inter-level travel time spent in this place.
 D = Time resting spent in this place.
 E = Time spent auto-exploring this place.
 F = Levels seen in this place.
 G = Mean time per level.
                   A        B        C        D        E       F      G
               +--------+--------+--------+--------+--------+-----+--------+
         Total |     91 |     91 |      0 |      0 |     59 |   1 |   91.0 |
       Dungeon |     91 |     91 |      0 |      0 |     59 |   1 |   91.0 |
               +--------+--------+--------+--------+--------+-----+--------+

Top non-repeatable levels by time:
     D:1: 91 daAuts
